 Dungeon Crawl Stone Soup version 0.26.1-11-gd32895ea62 (webtiles) character file.

Game seed: 10851991012474327531

174 H0rd4k the Insei (level 5, -4/33 HPs)
             Began as an Octopode Transmuter on May 5, 2021.
             Slain by a centaur (5 damage)
             ... on level 3 of the Dungeon.
             The game lasted 00:01:38 (2379 turns).

H0rd4k the Insei (Octopode Transmuter)              Turns: 2379, Time: 00:01:39

Health: -4/33      AC:  1    Str:  9    XL:     5   Next: 54%
Magic:  9/9        EV: 13    Int: 16    God:
Gold:   79         SH:  0    Dex: 13    Spells: 6/10 levels left

rFire    . . .     SeeInvis .     - Unarmed
rCold    . . .     Faith    .   (no shield)
rNeg     . . .     Spirit   .   (helmet restricted)
rPois    .         Reflect  .   (no amulet)
rElec    .         Harm     .   (no ring)
rCorr    .         Rampage  .   (no ring)
Will     .....                  (no ring)
Stlth    +++.......             (no ring)
HPRegen  0.11/turn              (no ring)
MPRegen  0.11/turn              (no ring)
                                (no ring)
                                (no ring)

@: no status effects
A: almost no armour, stealthy swim, amphibious, 8 rings, constrict 8, camouflage
1, gelatinous body 1
a: no special abilities


You were on level 3 of the Dungeon.
You visited 1 branch of the dungeon, and saw 3 of its levels.

You collected 79 gold pieces.

Inventory:

Missiles
 l - 5 poisoned darts
Scrolls
 a - a scroll of remove curse {unknown}
 b - 2 scrolls of identify {unknown}
 d - a scroll of fog {unknown}
 e - 2 scrolls of enchant armour {unknown}
 f - a scroll of teleportation {unknown}
 g - 2 scrolls of immolation {unknown}
 k - a scroll of amnesia {unknown}
 m - a scroll of magic mapping {unknown}
Potions
 c - 2 potions of ambrosia {unknown}
 h - 2 potions of curing {unknown}
 i - a potion of brilliance {unknown}
 j - a potion of attraction {unknown}


   Skills:
 + Level 1.3 Fighting
 + Level 2.3 Dodging
 + Level 1.6 Stealth
 + Level 4.3 Unarmed Combat
 * Level 3.1 Spellcasting
 * Level 2.5 Transmutations
 * Level 1.3 Poison Magic


You had 6 spell levels left.
You knew the following spells:

 Your Spells              Type           Power        Failure   Level
a - Beastly Appendage     Tmut           20%          6%          1
b - Spider Form           Tmut/Pois      4%           26%         3

Your spell library contained the following spells:

 Spells                   Type           Power        Failure   Level
 Wereblood                Tmut           10%          10%         2
 Ice Form                 Ice/Tmut       6%           73%         4
 Blade Hands              Tmut           5%           87%         5


Dungeon Overview and Level Annotations

Branches:
Dungeon (3/15)

Altars:
Hepliaklqana


Innate Abilities, Weirdness & Mutations

You cannot wear most types of armour.
You are very stealthy in the water. (Stealth+)
You are amphibious.
You can wear up to eight rings at the same time.
You can use your tentacles to constrict eight enemies at once.
Your skin changes colour to match your surroundings (Stealth+).
Your rubbery body absorbs attacks. (AC +1, EV +1)


Message History

The centaur completely misses you.
You tentacle-slap the centaur but do no damage.
You squeeze the centaur!
The centaur is heavily wounded.
The centaur barely misses you. The centaur misses you.
You tentacle-slap the centaur but do no damage.
The centaur is heavily wounded.
The centaur hits you.
You tentacle-slap the centaur but do no damage.
Your squeeze misses the centaur.
The centaur is heavily wounded.
The centaur barely misses you. The centaur hits you!
* * * LOW HITPOINT WARNING * * *
You closely miss the centaur.
The centaur is heavily wounded.
The centaur barely misses you.
You tentacle-slap the centaur.
The centaur is severely wounded.
The centaur hits you.
You die...

#.# #.. #.# ### ..# ..
# #.# ........... #o#
#.........# #c#
#....... .. #@#
#......#### # #(#
#......#.†. #.#.#
#......#.## ##.#.#
###......#.#. #....##
#............
#.###..###.....#†##...
#........).#.##...
#..###....†..##...
....####.......#####


You could see a centaur and an orc.

Vanquished Creatures
  An orc priest (D:3)
  Natasha (thrice) (D:2)
  3 adders
  4 dart slugs
  2 leopard geckos (D:2)
  2 orcs (D:3)
  A giant cockroach (D:1)
  4 goblins (D:1)
  3 hobgoblins
  2 jackals (D:1)
  A quokka (D:2)
  A ball python (D:1)
  4 bats
  3 frilled lizards
  4 kobolds (D:1)
  3 rats
41 creatures vanquished.

Notes
Turn   | Place    | Note
-------+----------+-------------------------------------------
     0 | D:1      | H0rd4k the Octopode Transmuter began the quest for the Orb.
     0 | D:1      | Reached XP level 1. HP: 13/13 MP: 3/3
   218 | D:1      | Reached XP level 2. HP: 18/18 MP: 5/5
  1014 | D:1      | Reached XP level 3. HP: 17/23 MP: 6/6
  1018 | D:1      | Learned a level 3 spell: Spider Form
  1481 | D:2      | Noticed Natasha
  1488 | D:2      | Killed Natasha
  1488 | D:2      | Noticed Natasha
  1489 | D:2      | Reached XP level 4. HP: 12/28 MP: 6/8
  1665 | D:2      | Killed Natasha
  1666 | D:2      | Reached skill level 4 in Unarmed Combat
  1826 | D:2      | Noticed Natasha
  1871 | D:2      | Killed Natasha
  1872 | D:2      | Reached skill level 1 in Stealth
  1872 | D:2      | Reached skill level 1 in Poison Magic
  1872 | D:2      | Reached XP level 5. HP: 19/33 MP: 9/9
  2248 | D:3      | Found a hazy altar of Hepliaklqana.
  2361 | D:3      | Noticed a centaur
  2377 | D:3      | HP: 1/33 [centaur (9)]
  2379 | D:3      | Slain by a centaur

Illustrated notes

Levels and vault maps discovered:
D:1:      dpeg_arrival_simpleton_b, layout_basic, chequers_serial_rivers_marsh
D:2:      minmay_wonky_spiral, layout_loops_cross, kennysheep_nondescript,
          uniq_natasha
D:3:      layout_loops_ring, nemelex_xobeh_ov_fountains_minmay,
          nicolae_overflow_crystal_walls

Skill      XL: |  1  2  3  4 |
---------------+-------------+-----
Unarmed Combat | 4 |  4.3
Stealth        | 1 |  1.6
Spellcasting   | 3 |  3.1
Poison Magic   | 1 |  1.3
Fighting       | |  1.3
Dodging        | |  2.3
Transmutations | |  2.5

Action                   |  1- 3 |  4- 6 || total
-------------------------+-------+-------++-------
Melee: Unarmed           |    69 |    47 ||   116
       Tentacles         |    11 |    11 ||    22
       Constrict         |    17 |    12 ||    29
       Punch             |     3 |     3 ||     6
 Stab: Sleeping          |     3 |     3 ||     6
Armor: Skin              |     9 |     1 ||    10
Dodge: Dodged            |    44 |    23 ||    67
